 Dungeon Crawl Stone Soup version 0.32-a0-12-g7fc57aa741 (webtiles) character file.

Game seed: 12688118710868431626

739 SmokeWeed the Sneak (level 7, -1/33 (43) HPs)
             Began as an Octopode Conjurer on Jan 15, 2024.
             Slain by a sleepcap (5 damage)
             ... on level 5 of the Dungeon.
             The game lasted 00:25:54 (4144 turns).

SmokeWeed the Sneak (Octopode Conjurer)             Turns: 4144, Time: 00:25:55

HP:   -1/33 (43)    AC:  1    Str:  6    XL:     7   Next: 75%
MP:   9/12          EV: 13    Int: 21    God:
Gold: 260           SH:  0    Dex: 12    Spells: 5/13 levels left

rFire   . . .        h - staff of cold
rCold   + . .        (no shield)
rNeg    . . .        (helmet restricted)
rPois   .            i - amulet of magic regeneration
rElec   .            (no ring)
rCorr   .            (no ring)
SInv    .            (no ring)
Will    .....        (no ring)
Stlth   ++++         (no ring)
HPRegen 0.25/turn    (no ring)
MPRegen 0.53/turn    (no ring)
                     (no ring)

%: no passive effects
@: heavily drained
A: almost no armour, amphibious, 8 rings, camouflage 1, gelatinous body 1,
(nimble swimmer 1), tentacles
a: no special abilities


You were on level 5 of the Dungeon.
You visited 1 branch of the dungeon, and saw 5 of its levels.
You also visited: Ossuary.

You collected 260 gold pieces.

Inventory:

Hand Weapons
 b - a +0 short sword
 g - a +2 spectral dagger
 k - a +1 flail of draining
 n - a +1 hand axe of freezing
Missiles
 d - 6 poisoned darts
 j - 3 throwing nets
Magical Staves
 c - a staff of earth
 h - a staff of cold (weapon)
Jewellery
 f - an amulet of reflection
 i - an amulet of magic regeneration (around mantle)
Wands
 q - a wand of flame (8)
 r - a wand of paralysis (6)
Scrolls
 o - a scroll of teleportation
 p - a scroll of immolation {unknown}
Potions
 a - 2 potions of magic
 e - 3 potions of curing
 l - a potion of brilliance {unknown}
 m - a potion of degeneration {unknown}


   Skills:
 + Level 1.3 Fighting
 - Level 1.1 Short Blades
 + Level 1.8 Staves
 + Level 2.8 Dodging
 + Level 5.7 Stealth
 * Level 3.6 Spellcasting
 + Level 5.1 Conjurations
 * Level 1.1 Summonings
 * Level 2.2 Ice Magic
 + Level 0.1 Earth Magic
 * Level 2.9 Evocations


You had 5 spell levels left.
You knew the following spells:

 Your Spells              Type           Power      Damage    Failure   Level
a - Magic Dart            Conj           100%       1d8       1%          1
b - Searing Ray           Conj           50%        2d6       2%          2
c - Ensorcelled Hibernat  Hex/Ice        26%        N/A       12%         2
d - Call Canine Familiar  Summ           8%         N/A       24%         3

Your spell library contained the following spells:

 Spells                   Type           Power      Damage    Failure   Level
 Scorch                   Fire           6%         2d5       19%         2
 Fugue of the Fallen      Necr           3%         N/A       36%         3
 Sigil of Binding         Hex            3%         N/A       36%         3
 Flame Wave               Conj/Fire      14%        2d6       38%         4
 Fulminant Prism          Conj/Alch      7%         3d7       38%         4
 Iskenderun's Mystic Bla  Conj/Tloc      14%        2d5       38%         4
 Anguish                  Hex/Necr       1%         N/A       77%         4
 Dimensional Bullseye     Hex/Tloc       1%         N/A       77%         4
 Summon Cactus Giant      Summ           4%         N/A       100%        6
 Haunt                    Necr/Summ      3%         N/A       100%        7
 Borgnjor's Revivificati  Necr           1%         N/A       100%        8
 Death's Door             Necr           1%         N/A       100%        9


Dungeon Overview and Level Annotations

Branches:
Dungeon (5/15)             Temple (0/1) D:4         Ossuary (visited)

Altars:
Kikubaaqudgha
Vehumet
The Shining One

Shops:
D:1 *   D:3 *   D:4 :(!=


Innate Abilities, Weirdness & Mutations

You cannot wear most types of armour.
You are amphibious.
You can wear up to eight rings at the same time.
Your skin changes colour to match your surroundings (Stealth+).
Your rubbery body absorbs attacks. (AC +1, EV +1)
((You are camouflaged when in or above water. (Stealth+)))
You have tentacles for arms and can constrict up to eight enemies at once.


Message History

You kill the gnoll!
You now have 260 gold pieces (gained 17).
r - a wand of paralysis (6)
Things that are here:
a +0 club; a gnoll corpse
e - 3 potions of curing (gained 1)
You can't see any susceptible monsters within range! (Use Z to cast anyway.)
A sleepcap comes into view.
The helpless sleepcap fails to defend itself.
You hit the sleepcap. You grab the sleepcap. You squeeze the sleepcap.
The sleepcap is moderately damaged.
You constrict the sleepcap, but do no damage.
The sleepcap releases spores at you!
You are engulfed in a cloud of soporific spores!
You fall asleep.
You lose your grip on the sleepcap.
The sleepcap releases spores at you!!
You wake up.
Ouch! That really hurt!
* * * LOW HITPOINT WARNING * * *
Aiming: Searing Ray (safe; 2% risk of failure)
Press: ? - help, Q - select action, (/) - cycle Shift-Dir - straight line, f - sleepcap
Aim: a sleepcap (moderately damaged, 100% to hit)
The searing ray hits the sleepcap.
The sleepcap is moderately damaged. (Press . to maintain the ray.)
The sleepcap releases spores at you.
* * * LOW HITPOINT WARNING * * *
You are engulfed in a cloud of soporific spores!
You are unaffected.
The searing ray hits the sleepcap.
The sleepcap is heavily damaged.
The sleepcap misses you.
The searing ray hits the sleepcap.
The sleepcap is severely damaged.
The sleepcap closely misses you.
The searing ray hits the sleepcap.
The sleepcap is almost destroyed.
You finish channelling your searing ray.
The sleepcap releases spores at you.
You die...

######.#####.
.)....†.......
#####.###.##.) #.
#)##.. ##.###.....
#..........
###.###.###†#
########....# #.# #)#
#..f@....# #.# #.#
##.####.########.###..
......................
.....####.....####....
.### ####..# #####
#### # # # #


You could see a sleepcap.

Vanquished Creatures
  Blork the orc (D:4)
  2 bombardier beetles (D:4)
  A spectral bullfrog (Ossuary)
  A hound (D:5)
  2 orc priests (D:4)
  A gnoll bouda (D:5)
  An iguana (D:4)
  Natasha (D:4)
  2 orc wizards
  4 spectral hounds (Ossuary)
  9 gnolls
  8 adders
  A spectral adder (Ossuary)
  A spectral gnoll (Ossuary)
  4 dart slugs
  3 ribbon worms
  3 orcs
  7 ball pythons
  An endoplasm (D:3)
  4 giant cockroaches
  7 gnoll zombies (Ossuary)
  11 goblins
  7 hobgoblins
  7 quokkas
  4 bats
  7 frilled lizards
  11 kobolds
  A kobold zombie (Ossuary)
  6 orc zombies (Ossuary)
  7 rats
  2 spectral jackals (Ossuary)
127 creatures vanquished.

Notes
Turn   | Place    | Note
-------+----------+-------------------------------------------
     0 | D:1      | SmokeWeed the Octopode Conjurer began the quest for the
                  | Orb.
     0 | D:1      | Reached XP level 1. HP: 11/11 MP: 3/3
   367 | D:1      | Reached XP level 2. HP: 17/17 MP: 5/5
   370 | D:1      | Learned a level 2 spell: Searing Ray
   916 | D:1      | Found Qatin's Assorted Antiques.
  1123 | D:2      | Reached XP level 3. HP: 21/21 MP: 6/6
  1278 | D:2      | Found a faded altar of an unknown god.
  1509 | D:2      | Reached XP level 4. HP: 20/27 MP: 1/7
  1865 | D:2      | Learned a level 2 spell: Ensorcelled Hibernation
  2071 | D:2      | Reached XP level 5. HP: 16/30 MP: 3/8
  2223 | D:3      | Found an ancient bone altar of Kikubaaqudgha.
  2384 | D:3      | Reached skill level 1 in Evocations
  2386 | D:3      | Reached skill level 1 in Short Blades
  2555 | D:3      | Found Kerud's General Store.
  2844 | D:4      | Found Xetof's Antique Weapon Shop.
  2846 | D:4      | Found Belywihi's Distillery.
  2874 | D:4      | Reached skill level 1 in Ice Magic
  2874 | D:4      | Reached XP level 6. HP: 37/37 MP: 5/10
  2886 | D:4      | Reached skill level 5 in Stealth
  2886 | D:4      | Reached skill level 5 in Conjurations
  2942 | D:4      | Found a staircase to the Ecumenical Temple.
  3080 | D:4      | Found Visaxen's Book Shoppe.
  3109 | D:4      | Reached skill level 1 in Staves
  3137 | D:4      | Noticed Blork the orc
  3145 | D:4      | Killed Blork the orc
  3146 | D:4      | Reached XP level 7. HP: 42/42 MP: 5/11
  3164 | D:4      | Found a glowing golden altar of the Shining One.
  3205 | D:4      | Found Gideisur's Jewellery Shop.
  3239 | D:4      | Found a radiant altar of Vehumet.
  3289 | D:4      | Noticed Natasha
  3292 | D:4      | Killed Natasha
  3293 | D:4      | Reached skill level 1 in Fighting
  3433 | D:5      | Entered Level 5 of the Dungeon
  3586 | D:5      | Learned a level 3 spell: Call Canine Familiar
  3618 | D:5      | Found a sand-covered staircase.
  3628 | Ossuary  | Entered an ossuary
  3723 | Ossuary  | Reached skill level 1 in Summonings
  4144 | D:5      | Slain by a sleepcap

Illustrated notes

Levels and vault maps discovered:
D:1:      sevenhm_arrival_forest_fort_small_6, layout_loops_corners,
          serial_shops, shop, minmay_shallow_snake_nest
D:2:      layout_rooms, chequers_ecumenical_altar_twisty, st_stairs_8,
          minmay_unequal
D:3:      layout_basic, kiku_gazebo_garden_becter, serial_shops,
          nicolae_shop_statue_plus, minmay_misc_feat_enclosed,
          chequers_serial_rivers_micro_e
D:4:      layout_rooms, mainiacjoe_overflow_cross_hatched, lemuel_round_altar,
          minmay_temple_entry_glass, serial_shops, shop,
          nicolae_shop_gaudy_bauble, shop, shop, uniq_blork_the_orc,
          uniq_natasha
D:5:      corexii_shantytown, layout_loops_ring, enter_ossuary_1,
          serial_bayou_pond_d, uniq_sigmund

Skill      XL: |  1  2  3  4  5  6  7 |
---------------+----------------------+-----
Stealth        | 3 4 5 |  5.7
Evocations     | 1 2 |  2.9
Short Blades   | 1 |  1.1
Spellcasting   | 3 |  3.6
Ice Magic      | 1 2 |  2.2
Conjurations   | 5 |  5.1
Staves         | 1 |  1.8
Fighting       | 1 |  1.3
Summonings     | 1 |  1.1
Dodging        | |  2.8
Earth Magic    | |  0.1

Action                     |  1- 3 |  4- 6 |  7- 9 || total
---------------------------+-------+-------+-------++-------
  Melee: Short sword       |    14 |       |       ||    14
         Constrict         |     6 |    16 |    11 ||    33
         Tentacles         |     2 |    11 |     8 ||    21
         Staff             |     7 |    32 |    36 ||    75
         Dagger            |       |    28 |       ||    28
         Punch             |       |     4 |     1 ||     5
   Cast: Magic Dart        |    34 |    41 |       ||    75
         Searing Ray       |     3 |    10 |    33 ||    46
         Call Canine Famil |       |       |     1 ||     1
    Use: Scroll            |     2 |     3 |     2 ||     7
         Potion            |       |       |     2 ||     2
   Stab: Sleeping          |     9 |     9 |     6 ||    24
 Armour: Skin              |    17 |    21 |    56 ||    94
  Dodge: Dodged            |    12 |    59 |    51 ||   122

Table legend: (Time is in decaauts)
 A = Elapsed time spent in this place.
 B = Non-inter-level travel time spent in this place.
 C = Inter-level travel time spent in this place.
 D = Time resting spent in this place.
 E = Time spent auto-exploring this place.
 F = Levels seen in this place.
 G = Mean time per level.
                   A        B        C        D        E       F      G
               +--------+--------+--------+--------+--------+-----+--------+
         Total |   4151 |   4012 |    139 |    570 |   2134 |   6 |  691.8 |
       Dungeon |   3844 |   3705 |    139 |    453 |   2134 |   5 |  768.8 |
       Ossuary |    306 |    306 |      0 |    117 |      0 |   1 |  306.0 |
               +--------+--------+--------+--------+--------+-----+--------+

Top non-repeatable levels by time:
     D:1: 1118 daAuts
     D:2: 1094 daAuts
     D:3: 632 daAuts
     D:4: 593 daAuts
     D:5: 405 daAuts
 Ossuary: 306 daAuts
